[ AOE2 MATCH · #506267285 ]
UnrankedMongols vs Mapuche
Player's team · LOSS
Rival team · WIN
[ REPLAY ANALYSIS · EXTRACTED FROM THE RECORDED GAME ]
Feudal
8:54
Castle
—
Imperial
—
| APM avg | 37.8 |
| APM peak | 69 |
| eAPM avg | 15.8 |
| Villagers / military | 48 / 37 |
Focus
⚔️ 28.9% · 🌾 71.1%
Militia ×32 · Skirmisher ×5
Feudal
9:16
Castle
19:39
Imperial
—
| APM avg | 127.8 |
| APM peak | 213 |
| eAPM avg | 67.5 |
| Villagers / military | 123 / 50 |
Focus
⚔️ 70.5% · 🌾 29.5%
Bolas Rider ×29 · Skirmisher ×18 · Mangonel ×2 · Spearman ×1
Match map
Initial resources + every placement click. Lines = walls · curves = elevation contours. ◆ gold · ⬟ stone · ● berries · ✦ relic · ◌ wall gap
Your base· Open — unwalled flank
ldx's base· Open — 5t gap
Smoothed initial terrain · ◌ = detected wall gap · hover for details
Inputs per minute
— xingxing - - ldx
Build order — xingxing
143 actions detected in the replay
| 0:01 | Create | Villager (Male) |
| 0:01 | Create | Villager (Male) |
| 0:02 | Create | Villager (Male) |
| 0:03 | Build | House |
| 0:14 | Create | Villager (Male) |
| 1:32 | Create | Villager (Male) |
| 1:32 | Create | Villager (Male) |
| 1:46 | Build | House |
| 1:49 | Create | Villager (Male) |
| 2:20 | Build | Lumber Camp |
| 2:23 | Create | Villager (Male) |
| 2:39 | Create | Villager (Male) |
| 2:57 | Create | Villager (Male) |
| 3:36 | Create | Villager (Male) |
| 3:49 | Build | House |
| 3:52 | Create | Villager (Male) |
| 4:20 | Create | Villager (Male) |
| 4:38 | Create | Villager (Male) |
| 4:39 | Create | Villager (Male) |
| 5:28 | Build | Barracks |
| 5:33 | Create | Villager (Male) |
| 5:35 | Research | Loom |
| 5:47 | Build | House |
| 6:28 | Create | Militia |
| 6:44 | Research | Feudal Age |
| 6:54 | Create | Militia |
| 6:58 | Build | Mining Camp |
| 7:01 | Create | Militia |
| 7:32 | Create | Militia |
| 7:40 | Build | House |
| 8:06 | Create | Militia |
| 8:28 | Build | Mill |
| 8:34 | Create | Villager (Male) |
| 8:54 | Age | Feudal Age |
| 8:56 | Research | Man-at-Arms (upgrade) |
| 9:00 | Research | Double-Bit Axe |
| 9:29 | Build | Blacksmith |
| 9:30 | Create | Villager (Male) |
| 9:56 | Create | Villager (Male) |
| 10:09 | Build | Farm |
| 10:12 | Build | House |
| 10:36 | Create | Villager (Male) |
| 10:38 | Build | Farm |
| 10:39 | Build | Farm |
| 10:43 | Build | Farm |
| 10:54 | Build | Farm |
| 11:14 | Build | Farm |
| 11:17 | Research | Scale Mail Armor |
| 11:36 | Build | Farm |
| 11:51 | Create | Villager (Male) |
| 11:54 | Build | Farm |
| 12:04 | Create | Militia |
| 12:14 | Create | Villager (Male) |
| 12:18 | Build | House |
| 12:44 | Create | Militia |
| 12:53 | Create | Villager (Male) |
| 12:55 | Build | Farm |
| 13:03 | Create | Villager (Male) |
| 13:25 | Create | Militia |
| 13:35 | Build | Farm |
| 13:37 | Create | Villager (Male) |
| 13:42 | Build | Farm |
| 14:03 | Create | Villager (Male) |
| 14:04 | Research | Horse Collar |
| 14:08 | Build | Farm |
| 14:11 | Build | House |
| 14:20 | Create | Militia |
| 14:40 | Create | Villager (Male) |
| 14:43 | Build | Farm |
| 14:53 | Research | Arson |
| 14:56 | Create | Villager (Male) |
| 15:01 | Build | Barracks |
| 15:51 | Research | Forging |
| 15:51 | Create | Villager (Male) |
| 15:55 | Build | House |
| 16:03 | Create | Militia |
| 16:08 | Create | Villager (Male) |
| 16:11 | Build | Farm |
| 16:12 | Build | Farm |
| 16:26 | Create | Villager (Male) |
| 16:33 | Build | House |
| 16:55 | Create | Militia |
| 16:55 | Create | Militia |
| 17:08 | Create | Villager (Male) |
| 17:11 | Build | Mining Camp |
| 17:13 | Create | Villager (Male) |
| 17:24 | Create | Militia |
| 17:25 | Create | Militia |
| 17:49 | Create | Militia |
| 17:49 | Create | Militia |
| 17:50 | Create | Villager (Male) |
| 17:53 | Build | House |
| 18:22 | Create | Militia |
| 18:23 | Create | Militia |
| 18:23 | Create | Villager (Male) |
| 18:39 | Build | Watch Tower |
| 18:59 | Create | Militia |
| 19:00 | Create | Militia |
| 19:11 | Create | Militia |
| 19:12 | Create | Villager (Male) |
| 19:29 | Create | Villager (Male) |
| 19:39 | Create | Militia |
| 19:40 | Create | Militia |
| 20:02 | Build | Watch Tower |
| 20:26 | Create | Militia |
| 20:26 | Create | Militia |
| 20:26 | Create | Militia |
| 20:27 | Create | Villager (Male) |
| 20:28 | Create | Villager (Male) |
| 20:33 | Build | Lumber Camp |
| 20:56 | Build | Watch Tower |
| 21:10 | Create | Militia |
| 21:10 | Create | Militia |
| 21:11 | Create | Villager (Male) |
| 21:33 | Create | Militia |
| 21:33 | Create | Militia |
| 21:33 | Create | Militia |
| 21:33 | Create | Militia |
| 21:47 | Create | Villager (Male) |
| 21:47 | Create | Villager (Male) |
| 21:49 | Build | Farm |
| 22:09 | Build | Farm |
| 22:11 | Build | Farm |
| 22:31 | Build | Watch Tower |
| 22:40 | Create | Villager (Male) |
| 22:42 | Create | Villager (Male) |
| 22:43 | Build | Market |
| 22:55 | Create | Villager (Male) |
| 23:17 | Build | Watch Tower |
| 23:21 | Build | Archery Range |
| 23:32 | Create | Villager (Male) |
| 23:40 | Build | Watch Tower |
| 23:57 | Create | Villager (Male) |
| 24:14 | Create | Skirmisher |
| 24:23 | Build | House |
| 24:38 | Create | Skirmisher |
| 24:43 | Create | Villager (Male) |
| 24:46 | Build | Watch Tower |
| 25:13 | Build | Stone Wall |
| 25:28 | Research | Castle Age |
| 25:30 | Create | Skirmisher |
| 25:30 | Create | Skirmisher |
| 25:59 | Create | Skirmisher |
Build order — ldx
First 150 of 253 actions detected
| 0:00 | Create | Villager (Male) |
| 0:01 | Create | Villager (Male) |
| 0:02 | Build | House |
| 0:02 | Build | House |
| 0:12 | Create | Villager (Male) |
| 0:25 | Create | Villager (Male) |
| 1:27 | Create | Villager (Male) |
| 1:50 | Build | Settlement |
| 1:59 | Create | Villager (Male) |
| 2:25 | Create | Villager (Male) |
| 2:41 | Create | Villager (Male) |
| 2:41 | Create | Villager (Male) |
| 3:05 | Create | Villager (Male) |
| 3:34 | Create | Villager (Male) |
| 3:57 | Create | Villager (Male) |
| 4:02 | Create | Villager (Male) |
| 4:11 | Create | Villager (Male) |
| 4:12 | Create | Villager (Male) |
| 4:54 | Create | Villager (Male) |
| 5:46 | Create | Villager (Male) |
| 5:48 | Create | Villager (Male) |
| 5:59 | Build | Settlement |
| 6:17 | Create | Villager (Male) |
| 6:20 | Research | Loom |
| 6:57 | Build | Palisade Wall |
| 7:02 | Research | Feudal Age |
| 7:02 | Research | Feudal Age |
| 7:26 | Build | Palisade Wall |
| 7:27 | Build | Palisade Wall |
| 7:28 | Build | Palisade Wall |
| 7:31 | Create | Villager (Male) |
| 8:24 | Create | Villager (Male) |
| 8:29 | Build | Palisade Wall |
| 8:32 | Build | Palisade Wall |
| 8:35 | Create | Villager (Male) |
| 8:42 | Create | Villager (Male) |
| 8:49 | Create | Villager (Male) |
| 9:05 | Build | Palisade Wall |
| 9:08 | Build | Palisade Wall |
| 9:11 | Build | Palisade Wall |
| 9:15 | Build | Palisade Wall |
| 9:16 | Age | Feudal Age |
| 9:17 | Build | Palisade Wall |
| 9:19 | Create | Spearman |
| 9:20 | Create | Skirmisher |
| 9:23 | Create | Villager (Male) |
| 9:28 | Create | Villager (Male) |
| 9:39 | Create | Villager (Male) |
| 9:49 | Create | Villager (Male) |
| 9:51 | Research | Double-Bit Axe |
| 9:54 | Create | Villager (Male) |
| 10:04 | Build | Farm |
| 10:04 | Build | Farm |
| 10:05 | Create | Villager (Male) |
| 10:12 | Create | Skirmisher |
| 10:13 | Create | Skirmisher |
| 10:13 | Create | Villager (Male) |
| 10:14 | Create | Villager (Male) |
| 10:15 | Build | Farm |
| 10:15 | Create | Villager (Male) |
| 10:16 | Build | Farm |
| 10:18 | Create | Villager (Male) |
| 10:21 | Build | House |
| 10:21 | Create | Villager (Male) |
| 10:22 | Create | Villager (Male) |
| 10:24 | Build | Palisade Wall |
| 10:32 | Build | Palisade Wall |
| 10:34 | Create | Villager (Male) |
| 10:39 | Build | House |
| 10:41 | Build | House |
| 10:48 | Create | Skirmisher |
| 10:48 | Create | Skirmisher |
| 10:56 | Research | Horse Collar |
| 10:56 | Research | Horse Collar |
| 11:00 | Create | Villager (Male) |
| 11:01 | Create | Villager (Male) |
| 11:01 | Create | Villager (Male) |
| 11:04 | Build | Farm |
| 11:06 | Build | Farm |
| 11:08 | Build | Farm |
| 11:30 | Create | Villager (Male) |
| 11:43 | Create | Villager (Male) |
| 11:43 | Create | Villager (Male) |
| 11:45 | Build | Palisade Wall |
| 11:49 | Create | Skirmisher |
| 12:00 | Build | Barracks |
| 12:05 | Create | Villager (Male) |
| 12:12 | Build | Farm |
| 12:13 | Create | Villager (Male) |
| 12:21 | Create | Skirmisher |
| 12:21 | Create | Skirmisher |
| 12:38 | Build | Palisade Wall |
| 12:42 | Create | Skirmisher |
| 12:47 | Create | Villager (Male) |
| 12:50 | Create | Villager (Male) |
| 12:52 | Create | Villager (Male) |
| 12:54 | Build | Blacksmith |
| 13:00 | Create | Villager (Male) |
| 13:00 | Create | Villager (Male) |
| 13:03 | Build | House |
| 13:08 | Create | Villager (Male) |
| 13:20 | Create | Skirmisher |
| 13:23 | Create | Villager (Male) |
| 13:26 | Create | Skirmisher |
| 13:30 | Create | Villager (Male) |
| 13:31 | Create | Villager (Male) |
| 13:33 | Build | Farm |
| 13:34 | Create | Villager (Male) |
| 13:36 | Build | Farm |
| 13:58 | Create | Villager (Male) |
| 14:00 | Build | Farm |
| 14:01 | Create | Skirmisher |
| 14:01 | Create | Skirmisher |
| 14:06 | Create | Villager (Male) |
| 14:11 | Create | Villager (Male) |
| 14:13 | Create | Villager (Male) |
| 14:27 | Create | Villager (Male) |
| 14:29 | Build | Market |
| 14:36 | Create | Skirmisher |
| 14:36 | Create | Skirmisher |
| 14:41 | Create | Skirmisher |
| 14:46 | Create | Villager (Male) |
| 14:49 | Create | Villager (Male) |
| 14:50 | Create | Villager (Male) |
| 14:57 | Create | Villager (Male) |
| 15:00 | Build | House |
| 15:03 | Create | Villager (Male) |
| 15:03 | Create | Villager (Male) |
| 15:03 | Create | Villager (Male) |
| 15:08 | Create | Villager (Male) |
| 15:16 | Build | Farm |
| 15:20 | Build | Farm |
| 15:21 | Build | Farm |
| 15:24 | Create | Skirmisher |
| 15:36 | Build | House |
| 15:40 | Build | Palisade Wall |
| 15:51 | Create | Villager (Male) |
| 16:02 | Create | Villager (Male) |
| 16:02 | Create | Villager (Male) |
| 16:07 | Create | Villager (Male) |
| 16:25 | Create | Villager (Male) |
| 16:31 | Create | Villager (Male) |
| 16:59 | Research | Castle Age |
| 16:59 | Research | Castle Age |
| 17:00 | Research | Castle Age |
| 17:10 | Build | Archery Range |
| 17:10 | Create | Villager (Male) |
| 17:19 | Create | Villager (Male) |
| 17:24 | Build | Palisade Wall |
| 17:26 | Create | Villager (Male) |
Match timeline
| 5:28 | xingxing · first_building Barracks |
| 6:57 | ldx · wall_segment Palisade Wall x1 |
| 7:26 | ldx · wall_segment Palisade Wall x1 |
| 7:27 | ldx · wall_segment Palisade Wall x1 |
| 7:28 | ldx · wall_segment Palisade Wall x1 |
| 8:29 | ldx · wall_segment Palisade Wall x1 |
| 8:32 | ldx · wall_segment Palisade Wall x1 |
| 8:54 | xingxing · age_up feudal |
| 9:05 | ldx · wall_segment Palisade Wall x1 |
| 9:08 | ldx · wall_segment Palisade Wall x1 |
| 9:11 | ldx · wall_segment Palisade Wall x1 |
| 9:15 | ldx · wall_segment Palisade Wall x1 |
| 9:16 | ldx · age_up feudal |
| 9:17 | ldx · wall_segment Palisade Wall x1 |
| 10:24 | ldx · wall_segment Palisade Wall x2 |
| 10:32 | ldx · wall_segment Palisade Wall x1 |
| 11:45 | ldx · wall_segment Palisade Wall x1 |
| 12:00 | ldx · first_building Barracks |
| 12:38 | ldx · wall_segment Palisade Wall x1 |
| 15:40 | ldx · wall_segment Palisade Wall x3 |
| 16:21 | ldx · first_market_sell 100 food |
| 16:30 | ldx · first_market_buy 100 food |
| 17:10 | ldx · first_building Archery Range |
| 17:24 | ldx · wall_segment Palisade Wall x1 |
| 18:35 | ldx · wall_segment Palisade Wall x1 |
| 18:50 | ldx · wall_segment Palisade Wall x3 |
| 18:51 | ldx · wall_segment Palisade Wall x1 |
| 18:56 | ldx · wall_segment Palisade Wall x1 |
| 19:14 | ldx · wall_segment Palisade Wall x1 |
| 19:39 | ldx · age_up castle |
| 20:04 | ldx · wall_segment Palisade Wall x1 |
| 20:12 | ldx · wall_segment Palisade Wall x1 |
| 23:21 | xingxing · first_building Archery Range |
| 23:37 | xingxing · first_market_buy 100 stone |
| 24:01 | ldx · first_building Siege Workshop |
| 25:13 | xingxing · wall_segment Stone Wall x1 |
| 25:28 | xingxing · first_market_sell 100 wood |
| 26:25 | xingxing · resign |
[ AI ANALYSIS · 1 CREDIT ]
What really happened in this match?
Wolo.gg analyzes every decision: build order, eco, micro, common mistakes by bracket. Personalized analysis on WhatsApp or Discord in 30 seconds.
Civ guide
Mongols
Perfil
Win_wu_kong